 Dungeon Crawl Stone Soup version 0.17-a0-1882-g750edc8 (webtiles) character file.

12 4thArraOfDagon the Digger (level 2, 0/26 HPs)
             Began as a Troll Earth Elementalist on Sept 22, 2015.
             Succumbed to kobold's curare-tipped needle
             ... on level 3 of the Dungeon.
             The game lasted 00:01:17 (240 turns).

4thArraOfDagon the Digger (Troll Earth Elementalist) Turns: 240, Time: 00:01:17

Health: 0/26       AC:  5    Str: 15      XL:     2   Next: 20%
Magic:  2/2        EV: 10    Int:  9 (11) God:
Gold:   44         SH:  0    Dex: 10      Spells: 1 memorised, 2 levels left

rFire  . . .     SeeInvis .       - Unarmed
rCold  . . .     Clarity  .     b - +0 robe
rNeg   . . .     SustAt   .     (no shield)
rPois  .         Gourm    +     (helmet restricted)
rElec  .         Spirit   .     (no cloak)
rCorr  .         Warding  .     (gloves unavailable)
rMut   .         Stasis   .     (boots unavailable)
MR     .....                    (no amulet)
Stlth  ..........               (no ring)
                                e - ring of loudness (curse)

@: lethally poisoned (0 -> -16), slowed, very slow, not resistant to hostile
enchantments, extremely unstealthy
A: unfitting armour, claws 3, fast metabolism 3, gourmand, regeneration 2,
shaggy fur 1, tough skin 2
a: no special abilities


You were on level 3 of the Dungeon.
You were full.

You visited 1 branch of the dungeon, and saw 3 of its levels.

You collected 44 gold pieces.

Inventory:

Armour
 b - a +0 robe (worn)
Jewellery
 e - a cursed ring of loudness (left claw)
Scrolls
 a - a scroll of recharging {unknown}
 h - a scroll of teleportation {unknown}
Potions
 f - 2 potions of invisibility {unknown}
 g - a potion of might {unknown}
Books
 c - a book of Geomancy

   Spells                             Type                      Level
   a - Sandblast                      Earth                        1
   b - Stoneskin                      Transmutation/Earth          2
   c - Passwall                       Transmutation/Earth          3
   d - Stone Arrow                    Conjuration/Earth            3
   e - Petrify                        Transmutation/Earth          4
   f - Lee's Rapid Deconstruction     Earth                        5
Comestibles
 d - 3 bread rations


   Skills:
 + Level 0.7 Fighting
 + Level 1.7 Dodging
 - Level 1.1 Stealth
 * Level 1.2 Unarmed Combat
 - Level 1.2 Spellcasting
   Level 0.6 Transmutations
 - Level 2.6 Earth Magic


You had 2 spell levels left.
You knew the following spells:

 Your Spells              Type           Power        Failure   Level  Hunger
a - Sandblast             Erth           #.....       12%         1    ##.....


Dungeon Overview and Level Annotations

Branches:
Dungeon (3/15)

Altars:


Innate Abilities, Weirdness & Mutations

You are too large for most types of armour.
You have claws for hands.
Your metabolism is lightning-fast.
You like to eat raw meat.
You heal very quickly.
You are covered in fur (AC +1).
You have very tough skin (AC +2).


Message History

The kobold shouts!
The kobold throws a stone.
The stone hits you but does no damage.
The kobold unwields an uncursed dagger.
The kobold wields a blowgun.
The kobold shoots a curare-tipped needle.
The curare-tipped needle hits you.
You are poisoned.
You have difficulty breathing.
You feel yourself slow down.
A bat comes into view.
You see here a curare-tipped needle.
You feel sick.
The kobold shoots a curare-tipped needle.
The curare-tipped needle hits you.
You are lethally poisoned!
You have difficulty breathing.
* * * LOW HITPOINT WARNING * * *
You feel as though you will be slow longer.
The kobold throws a stone.
The stone hits you but does no damage.
Things that are here:
a stone; a curare-tipped needle You die...

############## ##
####............##
+..#..'............'. .
#.#..#............## ...
#....#............#
.....####@.#.##########.#
.......((..#.# #.#
####?......#+# #.#
#...Sb..KK.# #..
#............ ###
#............
#............
#.......####. ........#


You could see an adder, a bat and a kobold.

Vanquished Creatures
  A ball python (D:2)
  A giant cockroach (D:1)
  4 hobgoblins
  A kobold (D:2)
  5 rats
12 creatures vanquished.

Notes
Turn   | Place    | Note
--------------------------------------------------------------
     0 | D:1      | 4thArraOfDagon the Troll Earth Elementalist began the quest for the Orb.
     0 | D:1      | Reached XP level 1. HP: 16/16 MP: 1/1
   144 | D:2      | Reached skill level 1 in Unarmed Combat
   144 | D:2      | Reached XP level 2. HP: 18/26 MP: 2/2
   240 | D:3      | Succumbed to kobold's curare-tipped needle

Vault maps used:
D:1:      lightli_arrival_statuegarden
D:3:      first_bread, nicolae_qazlal_style_of_elements

Action                   || total
-------------------------++-------
Melee: Unarmed           ||    39
  Use: Potion            ||     1
  Eat: Chunk             ||     5
